 Dungeon Crawl Stone Soup version 0.17.1-3-g152610e (webtiles) character file.

80 Aarh the Magician (level 4, -2/24 HPs)
             Began as a Tengu Wizard on Feb 24, 2016.
             Slain by a giant frog zombie (7 damage)
             ... on level 8 of the Dungeon.
             The game lasted 00:27:46 (3889 turns).

Aarh the Magician (Tengu Wizard)                    Turns: 3889, Time: 00:27:47

Health: -2/24      AC:  2    Str:  8    XL:     4   Next: 39%
Magic:  8/10       EV: 19    Int: 19    God:
Gold:   63         SH:  0    Dex: 17    Spells: 5 memorised, 0 levels left

rFire  . . .     SeeInvis .     e - +0 whip
rCold  . . .     Clarity  .     a - +0 robe
rNeg   . . .     SustAt   .     (no shield)
rPois  .         Gourm    .     b - +0 hat
rElec  .         Spirit   .     (no cloak)
rCorr  .         Warding  .     (no gloves)
rMut   .         Stasis   .     (boots unavailable)
MR     +....                    (no amulet)
Stlth  +++.......               (no ring)
                                q - ring of protection from magic

@: agile, lethally poisoned (-2 -> -5), very slightly contaminated, hasted,
repel missiles, very quick, somewhat resistant to hostile enchantments, fairly
stealthy
A: beak, talons 3
a: no special abilities


You were on level 8 of the Dungeon.
You were not hungry.

You visited 1 branch of the dungeon, and saw 8 of its levels.

You collected 63 gold pieces.

Inventory:

Hand Weapons
 e - a +0 whip (weapon)
   (You took it off a kobold on level 1 of the Dungeon)
 g - a +0 dagger
   (You took it off a goblin on level 1 of the Dungeon)
 l - a +0 flail
   (You found it on level 3 of the Dungeon)
 w - a +0 dagger
   (You took it off an orc on level 5 of the Dungeon)
Missiles
 f - 16 silver sling bullets
 i - 25 sling bullets
 j - 75 stones (quivered)
Armour
 a - a +0 robe (worn)
 b - a +0 hat (worn)
 t - a +0 ring mail
   (You found it on level 4 of the Dungeon)
Jewellery
 q - a ring of protection from magic (left hand)
   (You found it on level 1 of the Dungeon)
Wands
 m - a wand of slowing (20)
   (You found it on level 1 of the Dungeon)
 y - a wand of polymorph (12)
   (You found it on level 8 of the Dungeon)
Scrolls
 o - 3 scrolls of remove curse
 s - 3 scrolls of recharging
Potions
 k - 2 potions of flight
 r - a potion of might
 v - a potion of invisibility
Books
 c - a book of Minor Magic
Comestibles
 d - a bread ration
 p - 2 meat rations
 x - a beef jerky


   Skills:
 * Level 0.4 Fighting
 * Level 0.7 Short Blades
 * Level 3.2 Dodging
 * Level 2.5 Stealth
 * Level 3.5 Spellcasting
 * Level 1.5 Conjurations
 * Level 1.3 Summonings
 * Level 0.8 Translocations
 * Level 1.5 Air Magic
 * Level 0.2 Evocations


You couldn't memorise any spells.
You knew the following spells:

 Your Spells              Type           Power        Failure   Level  Hunger
a - Magic Dart            Conj           #...         10%         1    None
b - Repel Missiles        Chrm/Air       #.....       17%         2    ##.....
c - Blink                 Tloc           N/A          17%         2    ##.....
d - Call Imp              Summ           #.......     14%         2    ##.....
e - Conjure Flame         Conj/Fire      #.......     34%         3    ###....


Dungeon Overview and Level Annotations

Branches:
Dungeon (8/15)
 Temple: D:4-7         Lair: D:8-11

Altars:

Annotations:
D:3 exclusion: downstairs, Natasha, Sigmund
D:4 exclusion: upstairs, Robin
D:5 Eustachio


Innate Abilities, Weirdness & Mutations

You have a beak for a mouth.
You have claws for feet.


Message History

Zapping:
y - a wand of polymorph (14)
Press: ? - help, Shift-Dir - straight line, f/p - adder
Aim: an adder (chance to defeat MR: 54%)
The adder resists with significant effort.
This wand has 13 charges left.
The adder completely misses you.
Evoke which item? (* to show all) (? for menu, Esc to quit)
Zapping:
y - a wand of polymorph (13)
Press: ? - help, Shift-Dir - straight line, f/p - adder
Aim: an adder (chance to defeat MR: 54%)
The adder evaporates and reforms as a ball python!
This wand has 12 charges left.
You feel sick. The ball python closely misses you. The ball python grabs you.
The ball python constricts you.
You hit the ball python.
You kill the ball python!
The adder returns to its original shape as it dies.
You feel sick.
You completely miss the giant frog zombie.
The giant frog zombie closely misses you.
The giant frog zombie hits you.
Evoke which item? (* to show all) (? for menu, Esc to quit)
Okay, then.
Casting: Repel Missiles
Confirm with . or Enter, or press ? or * to list all spells.
Aiming: Magic Dart
Press: ? - help, Shift-Dir - straight line, f - giant frog zombie
Aim: a giant frog zombie You miscast Magic Dart.
You are very lightly contaminated with residual magic.
Nothing appears to happen.
The giant frog zombie barely misses you.
Casting: Magic Dart
Confirm with . or Enter, or press ? or * to list all spells.
Aiming: Magic Dart
Press: ? - help, Shift-Dir - straight line, f/p - giant frog zombie
Aim: a giant frog zombie The magic dart hits the giant frog zombie.
You feel sick. The giant frog zombie hits you.
Drink which item? (? for menu, Esc to quit)
It was a potion of haste.
You feel yourself speed up.
The giant frog zombie closely misses you.
The giant frog zombie barely misses you.
You hit the giant frog zombie. You claw the giant frog zombie.
You feel sick. The giant frog zombie hits you.
* * * LOW HITPOINT WARNING * * *
Drink which item? (? for menu, Esc to quit)
It was a potion of agility.
You feel agile all of a sudden. The giant frog zombie hits you!
You die...

..!...#####
#.###.##.. #.# #.##.#
#.# #.##.# ..###....#
.....?...######
..#...........## #
....#......#..>###.##
##..#.#......#.Z@...#
#...%..?#.#...###..#
#............## .#
...####.###..# # #..
...# #..# ###.# #.##
#. ..# .#


You could see a giant frog zombie.

Vanquished Creatures
  Monster Symbol All 'J'
  2 oozes (D:1 D:2)
2 creatures vanquished. All 'K' 3 kobolds (D:1)
3 creatures vanquished. All 'S' 3 adders (D:2 D:3 D:5) 2 ball pythons (D:2 D:8)
5 creatures vanquished. All 'b' 5 bats (D:1 D:2)
5 creatures vanquished. All 'g' 10 goblins (D:1 D:3 D:4) 9 hobgoblins (D:1 D:2 D:4)
19 creatures vanquished. All 'l' A giant gecko (D:2) 5 giant newts (D:1 D:2)
6 creatures vanquished. All 'o' An orc (D:5)
1 creature vanquished. All 'r' A quokka (D:4) 3 rats (D:1)
4 creatures vanquished. All 's' 2 giant cockroaches (D:1 D:4)
2 creatures vanquished.
47 creatures vanquished. Monster Nature Natural Monsters 3 adders (D:2 D:3 D:5) 2 oozes (D:1 D:2) A giant gecko (D:2) An orc (D:5) 5 bats (D:1 D:2) 10 goblins (D:1 D:3 D:4) 9 hobgoblins (D:1 D:2 D:4) 3 kobolds (D:1) A quokka (D:4) 2 ball pythons (D:2 D:8) 2 giant cockroaches (D:1 D:4) 5 giant newts (D:1 D:2) 3 rats (D:1)
47 creatures vanquished.
47 creatures vanquished. Ascending Order An orc (D:5) A giant gecko (D:2) A quokka (D:4) 2 oozes (D:1 D:2) 2 giant cockroaches (D:1 D:4) 2 ball pythons (D:2 D:8) 3 adders (D:2 D:3 D:5) 3 kobolds (D:1) 3 rats (D:1) 5 bats (D:1 D:2) 5 giant newts (D:1 D:2) 9 hobgoblins (D:1 D:2 D:4) 10 goblins (D:1 D:3 D:4)
47 creatures vanquished.

Notes
Turn   | Place    | Note
--------------------------------------------------------------
     0 | D:1      | Aarh the Tengu Wizard began the quest for the Orb.
     0 | D:1      | Reached XP level 1. HP: 10/10 MP: 5/5
   242 | D:1      | Reached XP level 2. HP: 6/15 MP: 7/7
   700 | D:1      | Learned a level 2 spell: Repel Missiles
   703 | D:1      | Learned a level 2 spell: Blink
   706 | D:1      | Learned a level 2 spell: Call Imp
  1339 | D:1      | Reached XP level 3. HP: 19/19 MP: 4/8
  1736 | D:1      | Reached skill level 1 in Air Magic
  1984 | D:3      | Noticed Natasha
  2182 | D:2      | Reached XP level 4. HP: 24/24 MP: 4/10
  2793 | D:4      | Noticed Robin
  2869 | D:3      | Noticed Sigmund
  2921 | D:4      | Reached skill level 3 in Dodging
  3018 | D:5      | Entered Level 5 of the Dungeon
  3238 | D:5      | Noticed an ice beast
  3274 | D:5      | Noticed a sky beast
  3556 | D:6      | Learned a level 3 spell: Conjure Flame
  3573 | D:6      | Noticed a phantom
  3648 | D:5      | Noticed Eustachio
  3815 | D:7      | Noticed a phantom
  3827 | D:8      | Noticed a black bear
  3888 | D:8      | HP: 5/24 [giant frog zombie (2)]
  3889 | D:8      | Slain by a giant frog zombie

Action                   |  1- 3 |  4- 6 || total
-------------------------+-------+-------++-------
Melee: Dagger            |    76 |    17 ||    93
       Unarmed           |     9 |       ||     9
       Whip              |       |    27 ||    27
 Cast: Magic Dart        |    35 |     8 ||    43
       Call Imp          |     2 |     1 ||     3
       Repel Missiles    |     1 |     1 ||     2
Evoke: Wand              |       |     3 ||     3
  Use: Scroll            |     1 |     7 ||     8
       Potion            |       |     2 ||     2
 Stab: Sleeping          |     3 |       ||     3
       Distracted        |       |     1 ||     1
  Eat: Chunk             |     3 |       ||     3
       Royal jelly       |     1 |       ||     1
       Bread ration      |       |     1 ||     1
Dungeon Crawl Stone Soup version 0.17.1-3-g152610e (webtiles) character file. 80 Aarh the Magician (level 4, -2/24 HPs) Began as a Tengu Wizard on Feb 24, 2016. Slain by a giant frog zombie (7 damage) ... on level 8 of the Dungeon. The game lasted 00:27:46 (3889 turns). Aarh the Magician (Tengu Wizard) Turns: 3889, Time: 00:27:47 Health: -2/24 AC: 2 Str: 8 XL: 4 Next: 39% Magic: 8/10 EV: 19 Int: 19 God: Gold: 63 SH: 0 Dex: 17 Spells: 5 memorised, 0 levels left rFire . . . SeeInvis . e - +0 whip rCold . . . Clarity . a - +0 robe rNeg . . . SustAt . (no shield) rPois . Gourm . b - +0 hat rElec . Spirit . (no cloak) rCorr . Warding . (no gloves) rMut . Stasis . (boots unavailable) MR +.... (no amulet) Stlth +++....... (no ring) q - ring of protection from magic @: agile, lethally poisoned (-2 -> -5), very slightly contaminated, hasted, repel missiles, very quick, somewhat resistant to hostile enchantments, fairly stealthy A: beak, talons 3 a: no special abilities Innate Abilities, Weirdness & Mutations You have a beak for a mouth. You have claws for feet. Skills: * Level 0.4 Fighting * Level 0.7 Short Blades * Level 3.2 Dodging * Level 2.5 Stealth * Level 3.5 Spellcasting * Level 1.5 Conjurations * Level 1.3 Summonings * Level 0.8 Translocations * Level 1.5 Air Magic * Level 0.2 Evocations You couldn't memorise any spells. You knew the following spells: Your Spells Type Power Failure Level Hunger a - Magic Dart Conj #... 10% 1 None b - Repel Missiles Chrm/Air #..... 17% 2 ##..... c - Blink Tloc N/A 17% 2 ##..... d - Call Imp Summ #....... 14% 2 ##..... e - Conjure Flame Conj/Fire #....... 34% 3 ###.... You were on level 8 of the Dungeon. You were not hungry. You visited 1 branch of the dungeon, and saw 8 of its levels. You collected 63 gold pieces. You could see a giant frog zombie. Message History Zapping: y - a wand of polymorph (14) Press: ? - help, Shift-Dir - straight line, f/p - adder Aim: an adder (chance to defeat MR: 54%) The adder resists with significant effort. This wand has 13 charges left. The adder completely misses you. Evoke which item? (* to show all) (? for menu, Esc to quit) Zapping: y - a wand of polymorph (13) Press: ? - help, Shift-Dir - straight line, f/p - adder Aim: an adder (chance to defeat MR: 54%) The adder evaporates and reforms as a ball python! This wand has 12 charges left. You feel sick. The ball python closely misses you. The ball python grabs you. The ball python constricts you. You hit the ball python. You kill the ball python! The adder returns to its original shape as it dies. You feel sick. You completely miss the giant frog zombie. The giant frog zombie closely misses you. The giant frog zombie hits you. Evoke which item? (* to show all) (? for menu, Esc to quit) Okay, then. Casting: Repel Missiles Confirm with . or Enter, or press ? or * to list all spells. Aiming: Magic Dart Press: ? - help, Shift-Dir - straight line, f - giant frog zombie Aim: a giant frog zombie You miscast Magic Dart. You are very lightly contaminated with residual magic. Nothing appears to happen. The giant frog zombie barely misses you. Casting: Magic Dart Confirm with . or Enter, or press ? or * to list all spells. Aiming: Magic Dart Press: ? - help, Shift-Dir - straight line, f/p - giant frog zombie Aim: a giant frog zombie The magic dart hits the giant frog zombie. You feel sick. The giant frog zombie hits you. Drink which item? (? for menu, Esc to quit) It was a potion of haste. You feel yourself speed up. The giant frog zombie closely misses you. The giant frog zombie barely misses you. You hit the giant frog zombie. You claw the giant frog zombie. You feel sick. The giant frog zombie hits you. * * * LOW HITPOINT WARNING * * * Drink which item? (? for menu, Esc to quit) It was a potion of agility. You feel agile all of a sudden. The giant frog zombie hits you! You die...

Action                   |  1- 3 |  4- 6 || total
-------------------------+-------+-------++-------
Melee: Dagger            |    76 |    17 ||    93
       Unarmed           |     9 |       ||     9
       Whip              |       |    27 ||    27
 Cast: Magic Dart        |    35 |     8 ||    43
       Call Imp          |     2 |     1 ||     3
       Repel Missiles    |     1 |     1 ||     2
Evoke: Wand              |       |     3 ||     3
  Use: Scroll            |     1 |     7 ||     8
       Potion            |       |     2 ||     2
 Stab: Sleeping          |     3 |       ||     3
       Distracted        |       |     1 ||     1
  Eat: Chunk             |     3 |       ||     3
       Royal jelly       |     1 |       ||     1
       Bread ration      |       |     1 ||     1
Notes Turn | Place | Note -------------------------------------------------------------- 0 | D:1 | Aarh the Tengu Wizard began the quest for the Orb. 0 | D:1 | Reached XP level 1. HP: 10/10 MP: 5/5 242 | D:1 | Reached XP level 2. HP: 6/15 MP: 7/7 700 | D:1 | Learned a level 2 spell: Repel Missiles 703 | D:1 | Learned a level 2 spell: Blink 706 | D:1 | Learned a level 2 spell: Call Imp 1339 | D:1 | Reached XP level 3. HP: 19/19 MP: 4/8 1736 | D:1 | Reached skill level 1 in Air Magic 1984 | D:3 | Noticed Natasha 2182 | D:2 | Reached XP level 4. HP: 24/24 MP: 4/10 2793 | D:4 | Noticed Robin 2869 | D:3 | Noticed Sigmund 2921 | D:4 | Reached skill level 3 in Dodging 3018 | D:5 | Entered Level 5 of the Dungeon 3238 | D:5 | Noticed an ice beast 3274 | D:5 | Noticed a sky beast 3556 | D:6 | Learned a level 3 spell: Conjure Flame 3573 | D:6 | Noticed a phantom 3648 | D:5 | Noticed Eustachio 3815 | D:7 | Noticed a phantom 3827 | D:8 | Noticed a black bear 3888 | D:8 | HP: 5/24 [giant frog zombie (2)] 3889 | D:8 | Slain by a giant frog zombie

Table legend:
 A = Turns spent in this place as a percentage of turns spent in the entire game.
 B = Non-inter-level travel turns spent in this place as a percentage of non-inter-level travel turns spent in the entire game.
 C = Inter-level travel turns spent in this place as a percentage of turns spent in this place.
 D = Turns resting spent in this place as a percentage of non-inter-level travel turns spent in this place.
 E = Turns spent auto-exploring this place as a percentage of non-inter-level travel turns spent in this place.
 F = Non-inter-level travel turns spent in this place divided by the number of levels of this place that you've seen.
                   A       B       C       D       E      F
               +-------+-------+-------+-------+-------+----------------------
         Total | 100.0 | 100.0 |   0.1 |   3.8 |   1.7 | 203.0
       Dungeon | 100.0 | 100.0 |   0.1 |   3.8 |   1.7 | 203.0
               +-------+-------+-------+-------+-------+----------------------

Table legend:
 A = Kills in this place as a percentage of kills in entire the game.
 B = Kills by you in this place as a percentage of kills by you in the entire game.
 C = Kills by friends in this place as a percentage of kills by friends in the entire game.
 D = Other kills in this place as a percentage of other kills in the entire game.
 E = Experience gained in this place as a percentage of experience gained in the entire game.
 F = Experience gained in this place divided by the number of levels of this place that you have seen.
                   A       B       C       D       E      F
               +-------+-------+-------+-------+-------+----------------------
         Total | 100.0 | 100.0 | 100.0 |  -nan | 100.0 |  14.4
       Dungeon | 100.0 | 100.0 | 100.0 |  -nan | 100.0 |  14.4
               +-------+-------+-------+-------+-------+----------------------

Vault maps used:
D:1:      dpeg_arrival_line_fractal, kennysheep_flooded_box, minivault_5
D:2:      first_bread
D:3:      uniq_sigmund, uniq_natasha, uniq_grinder
D:4:      serial_shops, shop, hangedman_abyss_or_decor_lesser_grid, uniq_edmund,
          uniq_robin
D:5:      minmay_temple_entry_statues_pillars, nicolae_underground_beach,
          uniq_eustachio
D:7:      serial_shops, nicolae_shop_temple_entry_statues_fountains
D:8:      lair_0_dummy, nicolae_ossuary_entry_ruins
